Map: Blackrock LE

Players

RipNHammer

  • Race: Terran Terran
  • League: Master
  • Spawn Location: 1:00

WiLLiAMS - Winner!

  • Race: Terran Terran
  • League: Master
  • Spawn Location: 7:00

VOD

Have the link to the VOD?

Description

Time

  • Played on: Sept. 6, 2026, 10:33 a.m.
  • Length: 4:51
Show
View Real Time Build Order
Export as new Build Order

RipNHammer Terran 

Build Orders: Reaper Expand 

Get SALT Encoding   

  8  0:00  SCV  
  9  0:12  SCV  
  10  0:24  SCV  
  11  0:37  SCV  
  11  0:41  Supply Depot  
  12  0:49  SCV  
  13  0:53  Refinery  
  13  1:02  SCV  
  14  1:05  Barracks  
  14  1:15  SCV  
  15  1:27  SCV  
  16  1:39  SCV  
  17  1:51  Reaper  
  17  1:52  Orbital Command  
  18  2:06  Command Center  
  18  2:13  Refinery  
  18  2:19  SCV  
  19  2:29  Factory  
  19  2:32  SCV  
  20  2:44  Supply Depot  
  20  2:46  SCV  
  20  2:51  Barracks Reactor  
  20  3:14  Hellion  
  20  3:30  Marine x2  
  20  3:32  SCV  
  14  3:50  Hellion  
  14  3:55  Marine x2  
  14  4:11  SCV, Hellion  
  14  4:13  Marine x2  
  16  4:24  SCV  
Show
View Real Time Build Order
Export as new Build Order

WiLLiAMS Terran - Winner!

Build Orders:  

Get SALT Encoding   

  8  0:00  SCV  
  9  0:12  SCV  
  10  0:25  SCV, Refinery  
  11  0:37  Supply Depot  
  11  0:44  SCV  
  12  0:57  SCV  
  13  1:08  Barracks  
  13  1:28  Barracks  
  13  1:47  Barracks  
  13  1:56  Reaper  
  14  2:17  Supply Depot  
  14  2:18  Reaper  
  15  2:23  SCV  
  16  2:30  Reaper  
  16  2:36  SCV  
  18  2:47  Refinery  
  18  2:51  SCV  
  19  2:56  Reaper  
  20  3:02  Reaper  
  20  3:05  Reaper  
  22  3:15  SCV  
  23  3:28  SCV  
  23  3:30  Reaper  
  25  3:36  Reaper  
  25  3:39  Reaper  
  25  3:40  SCV  
  27  3:52  SCV  
  27  4:04  Reaper, SCV  
  28  4:10  Reaper  
  29  4:21  Orbital Command, Supply Depot  
  29  4:22  Supply Depot  
Tags
 
Matchup
TvT
Race
Terran
Replay Pack
RipNHammer
Spawn Locations
Cross Positions
Add a new tag
Caveats
  • Supply blocks, unpowered buildings, or Contaminate may cause inaccurate times.
  • Supply counts are checked every 10 seconds.